[Event "*** Titled Tuesday Blitz"]
[Site "Chess.com"]
[Date "2021.02.16"]
[Round "3"]
[White "BahadirOzen"]
[Black "Loy_Konstantin"]
[Result "1-0"]
[WhiteElo "2747"]
[BlackElo "2375"]
[TimeControl "180+1"]
[EndTime "10:31:42 PST"]
[Termination "BahadirOzen won by resignation"]

1. g3 c5 2. Bg2 g6 3. Nf3 Bg7 4. O-O Nc6 5. e4 Nf6 6. d3 O-O 7. Re1 e5 8. Nc3 d6 9. Nd2 Nd4 10. Nc4 b5 11. Ne3 Be6 12. a4 a6 13. Ncd5 Bxd5 14.
exd5 Qd7 15. c3 Nf5 16. Nxf5 Qxf5 17. h3 Qd7 18. Be3 Rfb8 19. axb5 axb5 20. b4 cxb4 21.
cxb4 Ra4 22. Qb3 Rba8 23. Rxa4 bxa4 24. Qc4 Qb7 25. b5 Nd7 26. Qc6 Rb8 27. Ra1 Qxb5 28.
Rxa4 h5 29. Ra7 Nf6 30. Qxd6 Rf8 31. Bg5 Nh7 32. Be7 Re8 33. Qc6 Rb8 34. Qxb5 Rxb5 35. Ra8+ Bf8 36. d6 Kg7 37. Bc6 Rb6 38. Rc8 Bxe7 39.
dxe7 Nf6 40. g4 hxg4 41. hxg4 g5 42. Kg2 Rb4 43. Kg3 Rd4 44. Be4 Rd6 45. e8=Q Nxe8 46. Rxe8 Rd7 47. Rxe5 f6 48. Rf5 Kf7 49. Kf3 Kg7 50.
Ra5 Rc7 51. Rb5 Rd7 52. Rb7 Re7 53. Rxe7+ 1-0

[Event "*** Titled Tuesday Blitz"]
[Site "Chess.com"]
[Date "2021.02.16"]
[Round "3"]
[White "dpopadic"]
[Black "LenkaPtacnikova"]
[Result "1-0"]
[WhiteElo "2343"]
[BlackElo "2108"]
[TimeControl "180+1"]
[EndTime "10:31:42 PST"]
[Termination "dpopadic won by resignation"]

1. e4 c5 2. Nc3 g6 3. f4 Bg7 4. Nf3 Nc6 5. Bc4 e6 6. f5 Nge7 7. fxe6 fxe6 8. d3 O-O 9. O-O d5 10.
Bb3 Na5 11. Bg5 Nxb3 12. axb3 d4 13. Na4 Qc7 14. Bxe7 Qxe7 15. Nb6 Rb8 16. Rxa7 Bh6 17. Ra1 Be3+ 18. Kh1 Bd7 19. Nxd7 Qxd7 20. Qe2 Qd6 21. Ng1 Bf4 22. g3 Be3 23. Kg2 b5 24. Rxf8+ Rxf8 25. Rf1 Ra8 26. Qf3 Qe7 27. e5 Ra2 28. Rb1 Bxg1 29.
Kxg1 Qg5 30. Qf4 Qxf4 31. gxf4 Kf7 32. Kg2 h6 33. Kg3 g5 34. h4 gxh4+ 35. Kxh4 Kg6 36.
Kg4 h5+ 37. Kf3 Kf5 38. Rh1 Rxb2 39. Rxh5+ Kg6 40. Rg5+ Kf7 41. Rg2 Rb1 42. b4 Rxb4 43. Rh2 Rb2 44. Ke4 b4 45. Rh7+ Ke8 46. f5 exf5+ 47.
Kxf5 Rxc2 48. Ke6 Kd8 49. Kd6 Kc8 50. e6 b3 51. e7 Re2 52. Rh8+ Kb7 53. e8=Q Rxe8 54.
Rxe8 Ka6 55. Kxc5 1-0

[Event "*** Titled Tuesday Blitz"]
[Site "Chess.com"]
[Date "2021.02.16"]
[Round "3"]
[White "mattcolins2025"]
[Black "pirulillo"]
[Result "1-0"]
[WhiteElo "2483"]
[BlackElo "2160"]
[TimeControl "180+1"]
[EndTime "10:31:43 PST"]
[Termination "mattcolins2025 won on time"]

1. d4 g6 2. Nf3 Bg7 3. e4 d6 4.
Bd3 Nd7 5. c3 e5 6. O-O Ne7 7.
Nbd2 O-O 8. Qb3 h6 9. Nc4 Kh7 10. Rd1 Qe8 11. Be3 b6 12. a4 a5 13. dxe5 Nxe5 14.
Ncxe5 dxe5 15. Bc4 Ng8 16. Bb5 Qe7 17. Bc6 Rb8 18.
Qc2 Nf6 19. h3 Bd7 20. Bxd7 Nxd7 21. b4 Ra8 22. Rd2 Rfc8 23. Rad1 Nf8 24. b5 Rd8 25. c4 Ne6 26. c5 Rxd2 27. Nxd2 bxc5 28. Nc4 Nd4 29. Qb2 Qe6 30. Rc1 f5 31. exf5 gxf5 32. Kf1 e4 33. Qb1 Rf8 34. Bf4 Bf6 35. Nxa5 Bg5 36.
Bxg5 hxg5 37. Nb7 c4 38. Qb2 Qd5 39. Na5 Ne6 40. Nxc4 Nf4 41. Kg1 Nd3 42. Qd2 Qd4 43. Ne3 f4 44. Rxc7+ Kh8 45. Ng4 e3 46. fxe3 fxe3 47.
Qxe3 Qa1+ 48. Kh2 Nf4 49. Qe5+ Qxe5 50. Nxe5 Ra8 51. Rc4 Re8 52. Nc6 Re2 53. a5 Rxg2+ 54. Kh1 Ra2 55. b6 Nxh3 56. b7 1-0

[Event "*** Titled Tuesday Blitz"]
[Site "Chess.com"]
[Date "2021.02.16"]
[Round "3"]
[White "Matols"]
[Black "szachuspl"]
[Result "0-1"]
[WhiteElo "2268"]
[BlackElo "2461"]
[TimeControl "180+1"]
[EndTime "10:31:44 PST"]
[Termination "szachuspl won on time"]

1. d4 Nf6 2. c4 e6 3. g3 c5 4. d5 exd5 5. cxd5 d6 6. Nc3 g6 7. Bg2 Bg7 8. Nf3 O-O 9. O-O Re8 10.
Nd2 Nbd7 11. a4 b6 12. h3 Ba6 13. Re1 h6 14. f4 h5 15. e4 c4 16. Nb5 Bxb5 17. axb5 Qc7 18. Ra4 Nc5 19. Rxc4 Qd7 20. Qf3 Qxb5 21. Bf1 Qd7 22. b4 b5 23. bxc5 bxc4 24.
c6 Qc7 25. Bxc4 a5 26. Bb2 a4 27. e5 Nh7 28. Kh2 Rab8 29. Bd4 Rb4 30. exd6 Qd8 31. Rxe8+ Qxe8 32. d7 Qd8 33. Bxg7 Kxg7 34. Qc3+ Nf6 35. Qxb4 h4 36. Qxa4 hxg3+ 37. Kg2 Nh5 38. Bd3 Qf6 39. c7 Nxf4+ 40. Kg1 Nxh3+ 41. Kg2 Nf4+ 42. Kxg3 Nxd3 43. d8=Q Qf2+ 44. Kh3 Qe3+ 45. Kh2 Qxd2+ 46. Kh3 Qe3+ 47. Kh2 Qe2+ 48. Kh3 Nf2+ 49. Kg3 Nh1+ 50. Kf4 Qf2+ 51. Ke4 Ng3+ 52. Kd3 Qe2+ 53. Kc3 Ne4+ 54. Kb4 Qd2+ 55.
Kb5 Nc3+ 56. Kc6 Nxa4 57. c8=Q Qc3+ 58. Kd7 Qh3+ 59. Kc7 Qc3+ 60. Kb8 Qb4+ 61. Qb7 Nb6 62. Qdxb6 Qf8+ 63. Qc8 Qa3 0-1

[Event "*** Titled Tuesday Blitz"]
[Site "Chess.com"]
[Date "2021.02.16"]
[Round "3"]
[White "ElCoachRene"]
[Black "Hercog"]
[Result "1-0"]
[WhiteElo "2213"]
[BlackElo "2357"]
[TimeControl "180+1"]
[EndTime "10:31:45 PST"]
[Termination "ElCoachRene won on time"]

1. d4 Nf6 2. Bf4 d5 3. e3 c5 4. c3 e6 5. Nd2 Nc6 6. Bd3 Bd6 7. Bg3 O-O 8. Ngf3 b6 9. Ne5 Bb7 10. f4 Qc7 11. Qf3 Ne7 12. O-O Nf5 13. Bf2 Rac8 14.
g4 Ne7 15. Bh4 Ng6 16. Qh3 Bxe5 17. fxe5 Ne4 18. Nf3 a6 19. Ng5 h6 20. Nf3 b5 21.
g5 h5 22. Be1 Qb6 23. Qxh5 b4 24. Rb1 a5 25. h4 Ba6 26. Bxa6 Qxa6 27. Qg4 Qd3 28.
Bf2 Nxf2 29. Kxf2 Ne7 30. Rbd1 Qf5 31. Kg3 cxd4 32. exd4 bxc3 33. bxc3 Rxc3 34. Qxf5 Nxf5+ 35. Kg4 Ne3+ 36. Kg3 Nxf1+ 37. Rxf1 Rb8 38. Kf4 Rb2 39. h5 Rxa2 40. g6 fxg6 41. hxg6 Rg2 42. Nh4 Rh2 43. Kg4 Rc4 44. Rf4 Rd2 45. Nf3 Rg2+ 46. Kh3 Re2 47. Ng5 Re3+ 48. Kg4 1-0

[Event "*** Titled Tuesday Blitz"]
[Site "Chess.com"]
[Date "2021.02.16"]
[Round "3"]
[White "Harry_Rakkel"]
[Black "Tashik"]
[Result "1-0"]
[WhiteElo "2685"]
[BlackElo "2427"]
[TimeControl "180+1"]
[EndTime "10:31:46 PST"]
[Termination "Harry_Rakkel won by resignation"]

1. e4 e5 2. Nf3 Nc6 3. Bb5 a6 4. Ba4 Nf6 5. O-O b5 6. Bb3 Bc5 7. d3 h6 8. a4 Rb8 9. Nc3 O-O 10. axb5 axb5 11. h3 d6 12. Be3 Nd4 13. Bxd4 Bxd4 14. Nxd4 exd4 15. Ne2 c5 16. Qd2 Qb6 17. Qa5 Qc6 18. Ng3 c4 19. dxc4 bxc4 20. Ba4 Qc5 21. Qxc5 dxc5 22. b3 c3 23. Bc6 Rb6 24. Bd5 Nxd5 25. exd5 Rd6 26. Ra5 Rxd5 27. b4 Bf5 28. Nxf5 Rxf5 29. bxc5 Rc8 30. Rd1 Rfxc5 31. Rxc5 Rxc5 32.
Rxd4 Re5 33. Kf1 Rc5 34. Ke2 g5 35. Kd3 Kg7 36. Rc4 Rf5 37. f3 Re5 38. Re4 Ra5 39. Kxc3 Ra1 40. Re2 f5 41. Kd4 Kf6 42. c4 Rd1+ 43.
Kc5 h5 44. Kb6 Rb1+ 45. Kc6 g4 46. hxg4 hxg4 47. fxg4 fxg4 48. c5 Kf5 49. Kd7 Rd1+ 50. Kc7 Kf4 51. Rb2 Rc1 52. c6 Kg3 53. Kb7 Kh2 54.
c7 1-0

[Event "*** Titled Tuesday Blitz"]
[Site "Chess.com"]
[Date "2021.02.16"]
[Round "3"]
[White "OlifantCZ"]
[Black "Lion-Al-Messi"]
[Result "0-1"]
[WhiteElo "2307"]
[BlackElo "2520"]
[TimeControl "180+1"]
[EndTime "10:31:46 PST"]
[Termination "Lion-Al-Messi won by resignation"]

1. c4 c5 2. g3 Nc6 3. Bg2 g6 4. Nc3 Bg7 5. a3 Nh6 6. Rb1 O-O 7. b4 d6 8. Nf3 Nf5 9. O-O Bd7 10. bxc5 dxc5 11.
Rxb7 Na5 12. Rb1 Nxc4 13. Ne4 Rc8 14. d3 Ncd6 15. Nfd2 Nd4 16. e3 Ne6 17. Qc2 Bc6 18. Bb2 f5 19. Bxg7 Nxg7 20. Nc3 Bxg2 21. Kxg2 Nf7 22.
Nc4 Rc7 23. f3 e5 24. Rb5 f4 25. e4 Ne6 26. Ne2 Rd7 27. Rb3 Qg5 28. g4 h5 29. h3 Nd4 30. Nxd4 exd4 31. Rh1 a5 32.
Rb6 Kg7 33. Qa4 Re7 34. Qc6 Nd8 35. Qb5 Qh4 36. Nd2 Qg3+ 37. Kf1 Nf7 38. Qxc5 Re5 39. Qxd4 Rd8 40. Qf2 Rxd3 41. Qxg3 fxg3 42. Ke2 Rxa3 43. h4 hxg4 44. fxg4 g2 45. Rg1 Rg3 46. g5 a4 47.
Ra6 a3 48. Kf2 Rd3 49. Ke2 Rg3 50. Ra4 Nd6 51. Kf2 Rd3 52. Nf3 Rxe4 53. Rxe4 Nxe4+ 54. Kxg2 a2 55. Ra1 Nc3 56. Ne5 Rd1 0-1

[Event "*** Titled Tuesday Blitz"]
[Site "Chess.com"]
[Date "2021.02.16"]
[Round "3"]
[White "night_player"]
[Black "Vasily85"]
[Result "0-1"]
[WhiteElo "2157"]
[BlackElo "2422"]
[TimeControl "180+1"]
[EndTime "10:31:46 PST"]
[Termination "Vasily85 won on time"]

1. e4 c5 2. c3 Nf6 3. e5 Nd5 4. Bc4 e6 5. Nf3 Nc6 6. d4 cxd4 7. cxd4 d6 8. O-O Be7 9. Qe2 O-O 10. a3 Bd7 11. Nbd2 Qb6 12. Ne4 dxe5 13. dxe5 Rac8 14. Ba2 Na5 15. b4 Bb5 16. bxa5 Qxa5 17. Qe1 Qa4 18. Bxd5 Bxf1 19. Qxf1 exd5 20. Ng3 d4 21. Bg5 Bxg5 22. Nxg5 Rfd8 23. Qd3 g6 24. N3e4 Qc2 25. Qxc2 Rxc2 26. h3 d3 27. Rd1 d2 28. Kf1 Kg7 29. Ke2 Rd4 30. Rxd2 Rcxd2+ 31. Nxd2 Ra4 32. Nb1 h6 33. Nf3 b5 34. Kd3 a5 35. Kc3 b4+ 36. axb4 Rxb4 37.
Na3 g5 38. Nc4 Rb5 39. Nd4 Rc5 40. Kb3 a4+ 41. Kb4 Rc8 42. Nd6 Ra8 43. N4b5 Kg6 44. Nc4 Rc8 45. Nb6 Rc2 46. g3 Rxf2 47. Nxa4 Rf3 48.
g4 Rxh3 49. Nc5 Rg3 50. Nd4 Rxg4 51. Kc4 h5 52. Kd5 h4 53. Ne4 Rg1 54. Nf3 Rg2 55. Kd4 h3 56. Ke3 h2 57. Nf2 Rxf2 0-1

[Event "*** Titled Tuesday Blitz"]
[Site "Chess.com"]
[Date "2021.02.16"]
[Round "3"]
[White "olksuna"]
[Black "Jospem"]
[Result "1-0"]
[WhiteElo "2700"]
[BlackElo "3007"]
[TimeControl "180+1"]
[EndTime "10:31:47 PST"]
[Termination "olksuna won by resignation"]

1. e4 e5 2. d4 exd4 3. Qxd4 Nc6 4. Qc4 d6 5. Nc3 Be6 6. Qe2 Nf6 7. Bf4 Be7 8.
O-O-O Qc8 9. h3 O-O 10. g4 Nd7 11. Kb1 Bf6 12. Nd5 Bxd5 13. exd5 Nb4 14. g5 Be5 15.
Bc1 g6 16. h4 c6 17. f4 Bg7 18. dxc6 bxc6 19. Bh3 Rb8 20. f5 Re8 21. Qd2 Nxa2 22. Kxa2 Qa6+ 23. Kb1 Bxb2 24. Bxb2 Rxb2+ 25. Kxb2 Rb8+ 26.
Kc3 Qa3+ 27. Kd4 Rb4+ 28. Qxb4 Qxb4+ 29. Ke3 Qc3+ 30. Rd3 Qe1+ 31. Kf4 Nc5 32. Re3 Qb4+ 33. Kf3 gxf5 34. Ne2 Ne4 35. Nf4 Qd2 36. Rf1 d5 37.
Bxf5 Nd6 38. Bd3 Qh2 39. Nh5 Qxh4 40. Nf6+ Kg7 41. Ng4 Qh3+ 42. Kf4 c5 43. Rxh3 c4 44. Rxh7+ Kf8 45. Nf6 Ke7 46. Ng8+ Kd7 47. Bf5+ Kc6 48. Ra1 d4 49. Ra6+ Kc5 50. Rxd6 d3 51. Ke4 Kxd6 52. cxd3 c3 53. Rh2 Kc5 54. Rc2 Kb4 55. Ke3 Kb3 56.
Rxc3+ Kxc3 57. d4 a5 58. d5 a4 59. d6 a3 60. d7 a2 61. d8=Q a1=Q 62. Qd4+ Kb3 63.
Qxa1 f6 64. Qc1 fxg5 1-0

[Event "*** Titled Tuesday Blitz"]
[Site "Chess.com"]
[Date "2021.02.16"]
[Round "3"]
[White "mishanick"]
[Black "Mazetovic"]
[Result "0-1"]
[WhiteElo "2997"]
[BlackElo "2698"]
[TimeControl "180+1"]
[EndTime "10:31:47 PST"]
[Termination "Mazetovic won on time"]

1. c4 Nf6 2. Nc3 g6 3. e4 d6 4. d4 Bg7 5. Be2 O-O 6. Be3 e5 7. d5 Na6 8. g4 Nc5 9. f3 a5 10. h4 h5 11. g5 Nfd7 12. Qd2 Nb6 13. Nh3 Bd7 14. b3 Qc8 15. Nf2 Rd8 16. Rb1 Be8 17.
Nd3 Nxd3+ 18. Bxd3 Nd7 19. a3 Nc5 20. Bc2 c6 21. Kf2 Nd7 22. Rhd1 c5 23. Ke2 Nb8 24. Bd3 Na6 25. Nb5 Nc7 26. Nc3 b6 27. Rb2 Qh3 28.
Bf2 Rdb8 29. b4 axb4 30. axb4 Na6 31. bxc5 bxc5 32. Rxb8 Rxb8 33. Nb5 Bxb5 34. cxb5 Nb4 35. Bc4 Ra8 36. Qc3 f6 37. Ra1 Rb8 38. Ra7 fxg5 39. hxg5 Qg2 40. Rd7 h4 41. Qe1 Rf8 42. Qc3 h3 43. Ra7 h2 44. Ra1 h1=Q 45. Rxh1 Qxh1 46.
Qa3 Qb1 47. Bb3 Qd3+ 48. Ke1 Qxf3 49. Bxc5 Qxe4+ 50. Kd2 Qd3+ 51. Kc1 Rf1+ 52. Kb2 Qb1+ 53. Kc3 Rf3+ 54. Kxb4 dxc5+ 55. Ka4 c4 56. d6 Rxb3 0-1

[Event "*** Titled Tuesday Blitz"]
[Site "Chess.com"]
[Date "2021.02.16"]
[Round "3"]
[White "andrzej"]
[Black "esrosenberg"]
[Result "0-1"]
[WhiteElo "2324"]
[BlackElo "2119"]
[TimeControl "180+1"]
[EndTime "10:31:47 PST"]
[Termination "esrosenberg won by checkmate"]

1. e4 e6 2. d4 d5 3. Bd3 dxe4 4. Bxe4 Nf6 5. Bf3 Bb4+ 6. c3 Bd6 7. Ne2 O-O 8. O-O Nbd7 9. Ng3 Rb8 10. Nd2 b6 11. Nde4 Nxe4 12. Nxe4 Be7 13. Bf4 Bb7 14. a4 Nf6 15. Nxf6+ Bxf6 16. Bxb7 Rxb7 17. Qf3 Qd5 18. Qxd5 exd5 19. Rfe1 c5 20. Be5 Bxe5 21. Rxe5 cxd4 22.
cxd4 Rd8 23. Rc1 f6 24. Re2 Kf7 25. Kf1 a5 26. Rec2 Rdd7 27. Ke2 b5 28. axb5 Rxb5 29. Kd2 h5 30. h4 Kg6 31. g3 Kf5 32. Ke3 Rb3+ 33.
Ke2 Re7+ 34. Kf1 Reb7 35. Rc5 R7b5 36. Rxb5 Rxb5 37. Rc7 Rxb2 38. Rxg7 Ra2 39. Ra7 Ke4 40. Kg2 Kxd4 41. Kf3 a4 42. Ra5 a3 43. Ra4+ Kd3 44.
Ra6 f5 45. Rf6 d4 46. Rxf5 Ra1 47. Ra5 a2 48. Kf4 Ke2 49. Kg5 d3 50. Kxh5 d2 51. Re5+ Kxf2 52. Rd5 d1=Q+ 53. Rxd1 Rxd1 54. Kg6 a1=Q 55. h5 Rd6+ 56. Kh7 Qa7+ 57. Kg8 Rd8# 0-1

[Event "*** Titled Tuesday Blitz"]
[Site "Chess.com"]
[Date "2021.02.16"]
[Round "3"]
[White "dropstoneDP"]
[Black "francyIM"]
[Result "1-0"]
[WhiteElo "2990"]
[BlackElo "2682"]
[TimeControl "180+1"]
[EndTime "10:31:48 PST"]
[Termination "dropstoneDP won by resignation"]

1. e4 e5 2. Nc3 Nf6 3. g3 Bb4 4. Bg2 Bxc3 5. dxc3 d6 6. Ne2 b6 7. c4 Bb7 8. Nc3 Nbd7 9. O-O h5 10. Bg5 Nc5 11. Nd5 Ne6 12. Nxf6+ gxf6 13. Bh4 Qe7 14. f4 exf4 15. e5 Bxg2 16. Bxf6 Qd7 17. Kxg2 Qc6+ 18.
Qd5 Kd7 19. Bxh8 Rxh8 20. Qxc6+ Kxc6 21. gxf4 Rg8+ 22. Kh1 Rg4 23. Rae1 dxe5 24. Rxe5 Kd6 25. Rd5+ Ke7 26. Rxh5 Nxf4 27. Rf5 Ne6 28. Rxf7+ Kd6 29. b3 Re4 30. R7f2 a5 31. a4 Kc5 32. h3 Kb4 33.
Rf3 Re2 34. R1f2 Re1+ 35. Kh2 Ng5 36. Rd3 Ne4 37. Rg2 Rf1 38. h4 Rf4 39. Rh3 Nf2 40.
Re3 Ng4+ 41. Rxg4 Rxg4 42. h5 Kc5 43. h6 Rg8 44. h7 Rh8 45. Re7 c6 46. Kg3 b5 47.
cxb5 cxb5 48. axb5 Kxb5 49. Kf4 Kb4 50. Kg5 Rc8 51. Kf6 Rc6+ 52. Kg7 Rxc2 53. h8=Q Rg2+ 54. Kf7 Rf2+ 55. Ke6 Kxb3 56. Rc7 Ka4 57. Kd7 Rd2+ 58. Kc8 Rd3 59. Qh4+ Ka3 60. Qe7+ Ka4 61. Qe4+ 1-0

[Event "*** Titled Tuesday Blitz"]
[Site "Chess.com"]
[Date "2021.02.16"]
[Round "3"]
[White "lagedema"]
[Black "McCarthyStone"]
[Result "1-0"]
[WhiteElo "2566"]
[BlackElo "2376"]
[TimeControl "180+1"]
[EndTime "10:31:48 PST"]
[Termination "lagedema won by resignation"]

1. c4 e5 2. Nc3 Nf6 3. Nf3 Nc6 4.
e3 d5 5. cxd5 Nxd5 6. Bb5 Nxc3 7. bxc3 Bd6 8. d4 e4 9. Nd2 Qg5 10. Bf1 Qg6 11. Qc2 f5 12. g3 O-O 13. Bg2 Kh8 14. O-O Bd7 15. Rb1 b6 16. f3 exf3 17. Nxf3 Rae8 18. Nh4 Qh5 19. a4 Ne7 20. c4 c5 21. a5 cxd4 22. exd4 Nc6 23. Qd3 Nxa5 24. Bd2 f4 25. c5 Be7 26. cxb6 axb6 27. Rxb6 Bxh4 28.
gxh4 Bg4 29. Rb5 Qxh4 30. Re5 Rxe5 31. dxe5 Be2 32. Qxe2 Nb3 33. Bc3 Nc5 34. e6 Re8 35. Qe5 Qe7 36. Rxf4 Nxe6 37. Re4 Qa7+ 38. Kh1 h6 39.
Re1 Qf2 40. Qe3 Qxe3 41. Rxe3 Nc7 42. Rxe8+ Nxe8 43. Kg1 Nf6 44. Kf2 Kg8 45. Bf3 Kf7 46. Ke3 g5 47. Kd3 h5 48. Bd1 Ng4 49. Bxg4 hxg4 50.
Be5 Kg6 51. Ke4 Kh5 52. Bg3 Kg6 53. Ke5 Kh5 54. Kf5 Kh6 55. Kxg4 Kg6 56. Bf2 Kf6 57. Be3 Kg6 58. Bxg5 1-0

[Event "*** Titled Tuesday Blitz"]
[Site "Chess.com"]
[Date "2021.02.16"]
[Round "3"]
[White "Angel_Hranitel_37"]
[Black "Ashedu66"]
[Result "1-0"]
[WhiteElo "2486"]
[BlackElo "2191"]
[TimeControl "180+1"]
[EndTime "10:31:48 PST"]
[Termination "Angel_Hranitel_37 won on time"]

1. d4 d5 2. c4 c6 3. g3 Nf6 4. Nf3 e6 5. Bg2 Be7 6. O-O O-O 7. Qc2 Nbd7 8. Rd1 b6 9. b3 a5 10. Nc3 Ba6 11. e4 Rc8 12. e5 Ne8 13. cxd5 cxd5 14. Qd2 Bb4 15. Bb2 a4 16. bxa4 Nb8 17. Rdc1 Nc6 18. Bf1 Bxf1 19. Kxf1 Na5 20. Qe2 Nc4 21. Rab1 Nc7 22. Nb5 Nxb5 23. axb5 Qd7 24. Bc3 Ba3 25. Rc2 Rc7 26. Rb3 Rfc8 27. Ne1 h6 28. Bb4 Bxb4 29.
Rxb4 Qe7 30. Rb3 Qg5 31. Kg2 h5 32. h4 Qg6 33. Rbc3 Qf5 34. Nf3 Qe4 35. Kf1 Ne3+ 36. Rxe3 Qxc2 37. Kg2 Qxe2 38. Rxe2 Rc2 39. Re3 Rxa2 40.
Ng5 Rcc2 41. Rf3 Rc8 42. Rxf7 Rb2 43. Re7 Rxb5 44. Nxe6 Rb1 45. Rxg7+ Kh8 46. Rg6 Rc2 47. Ng5 Rb3 48. Rf6 Rb1 49. e6 Re2 50. Rf8+ 1-0

[Event "*** Titled Tuesday Blitz"]
[Site "Chess.com"]
[Date "2021.02.16"]
[Round "3"]
[White "Squirlolz"]
[Black "Grineva_Marianna"]
[Result "1-0"]
[WhiteElo "2493"]
[BlackElo "2229"]
[TimeControl "180+1"]
[EndTime "10:31:49 PST"]
[Termination "Squirlolz won by checkmate"]

1. b3 e5 2. Bb2 Nc6 3. e3 Nf6 4. Bb5 d6 5. f4 exf4 6. Nf3 fxe3 7. O-O Be7 8. dxe3 Bd7 9. Nbd2 a6 10. Bd3 Nb4 11.
Be2 Nbd5 12. Nc4 b5 13. e4 Nf4 14. Ne3 Nxe2+ 15. Qxe2 O-O 16. Nf5 Re8 17. Rae1 Bxf5 18.
exf5 Qd7 19. Qd3 c5 20. Rd1 Rad8 21. c4 bxc4 22. Qxc4 Qb5 23. Rfe1 Qxc4 24. bxc4 h6 25. Bxf6 Bxf6 26. Rxe8+ Rxe8 27. Rxd6 Re4 28. Nd2 Rf4 29. g3 Bd4+ 30. Kh1 Rxf5 31. Rxa6 Rf2 32. Nb3 Be3 33.
Rc6 Rxa2 34. Nxc5 Bxc5 35. Rxc5 Rc2 36. Rc7 f5 37. c5 Kh7 38. Rc6 h5 39. h4 g6 40.
Rc7+ Kh6 41. Kg1 Rc3 42. Kf2 Rc2+ 43. Kf3 Rc3+ 44. Kf4 Rc4+ 45. Ke5 Rc3 46. c6 Rxg3 47. Rd7 Rc3 48. c7 Rc1 49. Kf6 f4 50. Rf7 Rc6+ 51.
Ke5 f3 52. Kd5 Rc3 53. Ke4 Rc1 54. Kxf3 Rf1+ 55. Kg3 Rxf7 56. c8=Q Rf5 57. Qh8# 1-0

[Event "*** Titled Tuesday Blitz"]
[Site "Chess.com"]
[Date "2021.02.16"]
[Round "3"]
[White "MariaFominykh"]
[Black "GLeruste"]
[Result "0-1"]
[WhiteElo "2263"]
[BlackElo "2455"]
[TimeControl "180+1"]
[EndTime "10:31:49 PST"]
[Termination "GLeruste won by resignation"]

1. d4 c5 2. d5 d6 3. Nc3 Nf6 4. e4 e6 5. Nf3 exd5 6. Nxd5 Nxd5 7. Qxd5 Nc6 8. Bc4 Be6 9. Qd3 Nb4 10. Qe2 Be7 11. O-O O-O 12. Rd1 Bg4 13. c3 Nc6 14. Bf4 Qb6 15. h3 Bxf3 16. Qxf3 Rad8 17. Qg3 Qxb2 18. Rab1 Qc2 19. Bd3 Qxa2 20. Rd2 Qe6 21. Rxb7 Bf6 22. Bb5 Ne5 23. Rxa7 Ng6 24. Bg5 Bxg5 25.
Qxg5 Qxe4 26. Kh2 Ne5 27. Be2 h6 28. Qg3 Ra8 29. f4 Rxa7 30. fxe5 Qxe5 31. Rxd6 Qxg3+ 32. Kxg3 Rc7 33. Bc4 Kh7 34. Rd5 g6 35. Re5 Kg7 36. Kf4 Ra8 37. g4 Ra1 38. Re3 Rg1 39. h4 Rd7 40. h5 g5+ 41. Kf3 Rd2 42. Re5 Rc1 43.
Rxc5 Rxc3+ 44. Ke4 Re2+ 45. Kd4 Rxc4+ 46. Kxc4 Rc2+ 47.
Kd4 Rxc5 48. Kxc5 f5 49. gxf5 Kf6 50. Kd6 Kxf5 51. Ke7 g4 52. Kf7 g3 53. Kg7 Kg5 54.
Kh7 g2 55. Kh8 g1=Q 0-1

[Event "*** Titled Tuesday Blitz"]
[Site "Chess.com"]
[Date "2021.02.16"]
[Round "3"]
[White "Markov_Mikhail"]
[Black "lachesisQ"]
[Result "0-1"]
[WhiteElo "2688"]
[BlackElo "3055"]
[TimeControl "180+1"]
[EndTime "10:31:50 PST"]
[Termination "lachesisQ won by resignation"]

1. c4 g6 2. Nf3 Bg7 3. g3 e5 4. Nc3 Nc6 5. Bg2 f5 6. O-O d6 7. Rb1 a5 8. a3 Be6 9. d4 exd4 10. Nb5 Bxc4 11. Nbxd4 Nge7 12. Qa4 Bd5 13. Bg5 Qd7 14. Nb5 O-O 15. Rfd1 h6 16. Be3 Be4 17. Rbc1 Kh7 18.
Nbd4 Rfd8 19. Qb3 Nxd4 20. Nxd4 a4 21. Qf7 Nd5 22. Qe6 Bxg2 23. Kxg2 Nxe3+ 24. Qxe3 Re8 25. Qf3 c6 26. e3 Re4 27. Rc2 d5 28. Rcd2 Rae8 29.
h4 h5 30. Qe2 f4 31. Nf3 Bf6 32. Rd3 Qg4 33. Qf1 fxg3 34. fxg3 Kg7 35. Qf2 Rf8 36. Nh2 Qe6 37. Qd2 Be5 38. Rf1 Rxf1 39. Nxf1 Qf6 40.
Qf2 Qxf2+ 41. Kxf2 Bxb2 42. Nd2 Re7 43. Nf3 b5 44. Nd4 Bxd4 45. exd4 Kf6 46. Rc3 Re6 47. Kf3 Ke7 48. Kf4 Re4+ 49. Kg5 Rg4+ 50. Kh6 Kd6 51.
Rf3 Kc7 52. Rc3 Kb6 53. Rf3 b4 54. axb4 Kb5 55. Rc3 Kxb4 56. Rc5 a3 57. Rxc6 a2 0-1

[Event "*** Titled Tuesday Blitz"]
[Site "Chess.com"]
[Date "2021.02.16"]
[Round "3"]
[White "temiksmozg"]
[Black "Msb2"]
[Result "0-1"]
[WhiteElo "2614"]
[BlackElo "2853"]
[TimeControl "180+1"]
[EndTime "10:31:50 PST"]
[Termination "Msb2 won on time"]

1. d4 d5 2. c4 e6 3. Nc3 Nf6 4.
cxd5 exd5 5. Bg5 c6 6. e3 h6 7. Bh4 Be7 8. Bd3 O-O 9. h3 Re8 10. Bg3 Bd6 11. Bxd6 Qxd6 12. Nf3 Ne4 13. Bxe4 dxe4 14.
Nd2 Qg6 15. g4 Na6 16. Qb3 c5 17. Qb5 Rd8 18. dxc5 Bd7 19. Qc4 Rac8 20. Ndxe4 Be6 21. Qe2 Nxc5 22. Nxc5 Rxc5 23. f3 Bc4 24. Qf2 Rc7 25. Rd1 Rxd1+ 26. Kxd1 Bxa2 27. Qd2 Qc6 28. Ke2 Rd7 29.
Qc1 Bc4+ 30. Kf2 Bd3 31. Rd1 h5 32. e4 hxg4 33. hxg4 Bc4 34. Rxd7 Qxd7 35. Qe3 b6 36. e5 Be6 37. Ne4 Qd5 38. Ng5 Bd7 39. Kg3 Bc6 40.
Qc3 a5 41. Qe3 a4 42. Kf4 Qc4+ 43. Kg3 Qd5 44. Kh4 f6 45. exf6 gxf6 46. Ne6 Kf7 47. Nf4 Qd6 48. Kg3 Bd7 49. Qc3 b5 50. Qa5 b4 0-1

[Event "*** Titled Tuesday Blitz"]
[Site "Chess.com"]
[Date "2021.02.16"]
[Round "3"]
[White "KonstantinB_1983"]
[Black "MergenKakabaev"]
[Result "1-0"]
[WhiteElo "2551"]
[BlackElo "2370"]
[TimeControl "180+1"]
[EndTime "10:31:50 PST"]
[Termination "KonstantinB_1983 won on time"]

1. d4 d5 2. c4 c6 3. Nc3 Nf6 4. Nf3 e6 5. e3 Nbd7 6. Qc2 Bd6 7. b3 b6 8. Bb2 Bb7 9. Bd3 Rc8 10. e4 dxc4 11.
Bxc4 e5 12. Rd1 Qe7 13. O-O O-O 14. h3 b5 15. Bd3 a6 16. Rfe1 c5 17. d5 Nb6 18.
Nh4 g6 19. g3 c4 20. bxc4 Nxc4 21. Bxc4 Rxc4 22. Qd3 Rfc8 23. Rc1 Nd7 24. Nf3 Ba3 25.
Qd2 Bxb2 26. Qxb2 Nc5 27. Qb1 Qc7 28. Nd2 Nd7 29. Nxc4 Qxc4 30. Ne2 Qa4 31. Rxc8+ Bxc8 32. Rc1 Nb6 33. Qc2 Qxc2 34. Rxc2 Nc4 35. Nc1 Kf8 36. Nd3 Ke8 37. Kf1 f6 38. Ke2 Kd7 39. f4 Kd6 40.
fxe5+ fxe5 41. Rc1 Bxh3 42. Rh1 Bg4+ 43. Kf2 h5 44. Rc1 Nd2 45. Ke3 Nc4+ 46. Kf2 g5 47. Nb4 a5 48. Nc6 Bd7 49. Nd8 Ke7 50. Nb7 Bg4 51. a4 Bd7 52. Nc5 1-0

[Event "*** Titled Tuesday Blitz"]
[Site "Chess.com"]
[Date "2021.02.16"]
[Round "3"]
[White "szefru"]
[Black "Jaka_Brilej"]
[Result "1-0"]
[WhiteElo "2268"]
[BlackElo "2419"]
[TimeControl "180+1"]
[EndTime "10:31:52 PST"]
[Termination "szefru won on time"]

1. d4 Nf6 2. c4 g6 3. Nc3 Bg7 4. g3 O-O 5. Bg2 d6 6. e3 e5 7.
Nge2 Nc6 8. O-O Bf5 9. e4 Bd7 10.
d5 Ne7 11. Bg5 h6 12. Be3 Ng4 13. Qd2 f5 14. f4 Nxe3 15. Qxe3 fxe4 16. Nxe4 Nf5 17.
Qd3 Kh7 18. Rab1 b5 19. cxb5 Qb8 20. a4 Qb6+ 21. Kh1 Ne3 22. Rf3 Nxg2 23. Kxg2 Bg4 24. Rff1 Rae8 25. h3 Bf5 26. N2c3 exf4 27. Rbe1 fxg3 28.
Qxg3 Be5 29. Qh4 Kg7 30. Ng3 Bd3 31. Rxf8 Rxf8 32. Nge4 Rf4 33. Qe7+ Rf7 34. Qh4 Qd4 35. Qg4 h5 36. Qg5 Bxe4+ 37. Nxe4 Qxd5 38. Qe3 Qe6 39. Rf1 Qf5 40. Rxf5 Rxf5 41. Ng5 Rf6 42. Ne4 Rf8 43.
Qd3 Rf5 44. Qd5 Rf8 45. Ng5 Rf4 46. Ne6+ 1-0

[Event "*** Titled Tuesday Blitz"]
[Site "Chess.com"]
[Date "2021.02.16"]
[Round "3"]
[White "aa175"]
[Black "Infernal_XaM"]
[Result "1/2-1/2"]
[WhiteElo "2610"]
[BlackElo "2814"]
[TimeControl "180+1"]
[EndTime "10:31:53 PST"]
[Termination "Game drawn by stalemate"]

1. d4 Nf6 2. Bf4 c5 3. e3 Qb6 4. Nc3 cxd4 5. exd4 e6 6. Nf3 Bb4 7. Bd3 Nc6 8. O-O Bxc3 9. bxc3 d5 10. Rb1 Qa5 11. Rb5 Qd8 12. Ne5 Nxe5 13. Bxe5 O-O 14. f4 Ne4 15. f5 exf5 16. Qe1 b6 17. c4 dxc4 18. Bxc4 Ba6 19. Rd5 Qc8 20. Bxa6 Qxa6 21. Rxf5 f6 22. Qxe4 fxe5 23. dxe5 Qxa2 24. Rd1 Qe6 25.
Rdf1 a5 26. Rxf8+ Rxf8 27. Rxf8+ Kxf8 28. Qxh7 Qxe5 29. Qh8+ Kf7 30. h3 Qc5+ 31. Kh1 Qxc2 32. Qh5+ Qg6 33. Qf3+ Qf6 34. Qd5+ Ke7 35. Qb7+ Kf8 36.
Qa8+ Kf7 37. Qb7+ Kg6 38. Qe4+ Kh6 39. Qe3+ Kh7 40. Qe4+ g6 41. Qb7+ Kh6 42. Qc8 a4 43. Qc1+ g5 44. Qa3 Qf1+ 45. Kh2 Qf4+ 46. Kh1 b5 47. Qc3 Qc4 48. Qf6+ Kh5 49. g4+ Kh4 50. Qh6+ Kg3 51. Qd6+ Kxh3 52. Qh2+ Kxg4 53. Qg2+ Kf5 54. Qf2+ Ke5 55. Qg3+ Qf4 56. Qc3+ Qd4 57. Qc7+ Qd6 58. Qg7+ Ke4 59. Qh7+ Kd4 60. Qh8+ Kc4 61. Qb2 Qd5+ 62. Kg1 Qd4+ 63. Qf2 Qxf2+ 64. Kh1 a3 1/2-1/2